 Dungeon Crawl Stone Soup version 0.21.1-1-g345015f (webtiles) character file.

65 inc the Changer (level 4, -4/28 HPs)
             Began as an Octopode Transmuter on Mar 16, 2018.
             Slain by a bullfrog (8 damage)
             ... on level 2 of the Dungeon.
             The game lasted 00:01:53 (1617 turns).

inc the Changer (Octopode Transmuter)               Turns: 1617, Time: 00:01:53

Health: -4/28      AC:  1    Str:  9    XL:     4   Next: 13%
Magic:  7/7        EV: 13    Int: 16    God:
Gold:   99         SH:  4    Dex: 14    Spells: 4/7 levels left

rFire    . . .     SeeInvis .     - Unarmed
rCold    . . .     Gourm    .   (no shield)
rNeg     . . .     Faith    .   (helmet restricted)
rPois    .         Spirit   .   (no amulet)
rElec    .         Reflect  .   (no ring)
rCorr    .         Harm     .   (no ring)
MR       .....     Clarity  +   (no ring)
Stlth    ++........             (no ring)
HPRegen  0.09/turn              (no ring)
MPRegen  0.10/turn              (no ring)
                                (no ring)
                                (no ring)

@: no status effects
A: almost no armour, stealthy swim, amphibious, 8 rings, constrict 8, large bone
plates 1, camouflage 1, agile 1, clarity, mutation resistance 1, gelatinous body
1
a: no special abilities


You were on level 2 of the Dungeon.
You were hungry.

You visited 1 branch of the dungeon, and saw 2 of its levels.

You collected 99 gold pieces.

Inventory:

Missiles
 a - 12 arrows
Scrolls
 e - 2 scrolls of identify {unknown}
 f - a scroll of teleportation {unknown}
 g - a scroll of remove curse {unknown}
Potions
 d - a potion of mutation
Books
 b - a book of Changes

   Spells                             Type                      Level
   a - Beastly Appendage              Transmutation                1
   b - Sticks to Snakes               Transmutation                2
   c - Spider Form                    Transmutation/Poison         3
   d - Ice Form                       Ice/Transmutation            4
   e - Blade Hands                    Transmutation                5
Comestibles
 c - 3 rations


   Skills:
 - Level 1.0 Fighting
 - Level 2.0 Dodging
 - Level 3.0 Unarmed Combat
 - Level 2.0 Spellcasting
 + Level 4.3 Transmutations


You had 4 spell levels left.
You knew the following spells:

 Your Spells              Type           Power        Failure   Level  Hunger
a - Beastly Appendage     Tmut           ###...       3%          1    #......
b - Sticks to Snakes      Tmut           ###.....     5%          2    ###....


Dungeon Overview and Level Annotations

Branches:
Dungeon (2/15)

Altars:
Hepliaklqana


Innate Abilities, Weirdness & Mutations

You cannot wear most types of armour.
You are very stealthy in the water. (Stealth+)
You are amphibious.
You can wear up to eight rings at the same time.
You can use your tentacles to constrict eight enemies at once.
Your skin changes colour to match your surroundings (Stealth+).
Your rubbery body absorbs attacks. (AC +1, EV +1)
You are partially covered in large bone plates. (SH +4)
You are agile. (Dex +2)
You possess an exceptional clarity of mind.
You are somewhat resistant to further mutation.


Message History

A bullfrog comes into view.
The bullfrog gives a loud, deep croak!
A bullfrog is nearby!
A bullfrog is nearby!
The bullfrog closely misses you. The bullfrog hits you.
You tentacle-slap the bullfrog. You grab the bullfrog.
You pierce the bullfrog.
The bullfrog is lightly wounded.
Your tentacle spike disappears.
You constrict the bullfrog. The bullfrog barely misses you.
You tentacle-slap the bullfrog.
The bullfrog is moderately wounded.
You constrict the bullfrog. The bullfrog hits you! x2
* * * LOW HITPOINT WARNING * * *
You are too injured to fight recklessly!
Unknown command.
It was a potion of mutation.
You feel extremely strange.
Large bone plates grow over parts of your tentacles.
You feel agile.
Your thoughts seem clearer.
You feel genetically stable.
You constrict the bullfrog. The bullfrog hits you!
You die...

#. # ###.. #. ....
#.###.##########
#.........@F...############
#####.#...######.##..........
#.........#....# #..........
#................ ...........
#................ (..........
#......##...###.. ..#########
##......##...## #
#.............. ######
#...##.#.#...### #.....


You could see a bullfrog.

Vanquished Creatures
  A gnoll (D:1)
  An adder (D:2)
  2 dart slugs
  7 bats
  3 giant cockroaches
  3 goblins (D:1)
  11 hobgoblins
  2 jackals (D:1)
  A quokka (D:2)
  2 frilled lizards
  2 kobolds
  5 rats
40 creatures vanquished.

Notes
Turn   | Place    | Note
-------+----------+-------------------------------------------
     0 | D:1      | inc the Octopode Transmuter began the quest for the Orb.
     0 | D:1      | Reached XP level 1. HP: 13/13 MP: 3/3
    25 | D:1      | Reached XP level 2. HP: 18/18 MP: 3/5
    93 | D:1      | Reached skill level 3 in Transmutations
    97 | D:1      | Learned a level 2 spell: Sticks to Snakes
   451 | D:1      | Reached XP level 3. HP: 22/23 MP: 4/6
   997 | D:2      | Reached skill level 4 in Transmutations
  1297 | D:2      | Reached XP level 4. HP: 28/28 MP: 5/7
  1565 | D:2      | Found a hazy altar of Hepliaklqana.
  1612 | D:2      | Noticed a bullfrog
  1617 | D:2      | Gained mutation: You are partially covered in large bone plates. (SH +4) [potion of mutation]
  1617 | D:2      | Gained mutation: You are agile. (Dex +2) [potion of mutation]
  1617 | D:2      | Gained mutation: You possess an exceptional clarity of mind. [potion of mutation]
  1617 | D:2      | Gained mutation: You are somewhat resistant to further mutation. [potion of mutation]
  1617 | D:2      | Slain by a bullfrog

Skill      XL: |  1  2  3 |
---------------+----------+-----
Transmutations | 3 4 |  4.3
Fighting       | |  1.0
Dodging        | |  2.0
Unarmed Combat | |  3.0
Spellcasting   | |  2.0

Action                   |  1- 3 |  4- 6 || total
-------------------------+-------+-------++-------
Melee: Unarmed           |    85 |    10 ||    95
       Constrict         |    27 |     5 ||    32
       Tentacles         |    10 |     2 ||    12
       Punch             |     3 |       ||     3
       Kick              |    13 |     3 ||    16
 Cast: Beastly Appendage |    13 |     3 ||    16
  Use: Potion            |       |     1 ||     1
 Stab: Sleeping          |     3 |     1 ||     4
  Eat: Chunk             |     1 |     1 ||     2
Armor: Skin              |     7 |       ||     7
Dodge: Dodged            |    64 |     5 ||    69
